 Dungeon Sprint DCSS version 0.30.1-11-g7821555f0a (webtiles) character file.

Game seed: 14497998568496919207

114 Groucho the Covert (level 4, 0/36 HPs)
             Began as a Spriggan Enchanter on Dec 13, 2023.
             Slain by a scorpion (6 damage)
             ... in the Dungeon (Sprint II: "The Violet Keep of Menkaure").
             The game lasted 00:00:54 (28 turns).

Groucho the Covert (Spriggan Enchanter)               Turns: 28, Time: 00:00:55

Health: 0/36       AC:  2    Str:  4    XL:     4   Next: 66%
Magic:  7/12       EV: 19    Int: 18    God:
Gold:   0          SH:  0    Dex: 15    Spells: 13/13 levels left

rFire   . . .        a - +1 dagger
rCold   . . .        (no shield)
rNeg    . . .        b - +0 robe
rPois   .            (helmet restricted)
rElec   .            (no cloak)
rCorr   .            (gloves unavailable)
SInv    +            (boots unavailable)
Will    .....        (no amulet) Stlth
                     (no ring)
HPRegen 0.26/turn    (no ring)
MPRegen 0.13/turn

%: no teleportation
@: berserking, lethally poisoned (0 -> -3), hasted, invisible, very quick
A: very small, no large weapons, unfitting armour, see invisible, speed 3
a: no special abilities


You were in the Dungeon.
You visited 1 branch

Inventory:

Hand Weapons
 a - a +1 dagger (weapon)
Armour
 b - a +0 robe (worn)
Scrolls
 i - a scroll of blinking
Potions
 c - a potion of invisibility
 d - a potion of curing
 e - a potion of heal wounds
 g - 2 potions of magic


   Skills:
 - Level 3.0 Fighting
 + Level 4.6 Short Blades
 - Level 5.0 Dodging
 + Level 8.5 Stealth
 - Level 5.0 Spellcasting
 - Level 5.0 Hexes


You had 13 spell levels left.
You didn't know any spells.
Your spell library contained the following spells:

 Spells                   Type           Power      Damage    Failure   Level
 Confusing Touch          Hex            22%        N/A       4%          3
 Tukima's Dance           Hex            22%        N/A       4%          3
 Ensorcelled Hibernation  Hex/Ice        26%        N/A       7%          2
 Dazzling Flash           Conj/Hex       26%        N/A       14%         3


Dungeon Overview and Level Annotations

Branches:
Dungeon (1/1)

Altars:


Innate Abilities, Weirdness & Mutations

You are very small and have problems with some larger weapons.
You are too small for most types of armour.
You have supernaturally acute eyesight. (SInv)
You cover ground extremely quickly. (Speed+++)


Message History

Training target 5.0 for Hexes reached!
Training target 5.0 for Dodging reached!
Your Fighting skill gained 2 levels and is now at level 2!
Your Short Blades skill gained 2 levels and is now at level 3!
Your Dodging skill gained 3 levels and is now at level 5!
Your Stealth skill gained 2 levels and is now at level 6!
Your Spellcasting skill gained 2 levels and is now at level 4!
Your Hexes skill gained 2 levels and is now at level 5!
You have reached level 2!
You have reached level 3!
Your experience leads to an increase in your attributes!
Increase (S)trength, (I)ntelligence, or (D)exterity?
You feel clever. x2
Unknown command.
You are too injured to fight recklessly!
You are too injured to fight recklessly!
You are too injured to fight recklessly!
You puncture the scorpion!
The scorpion is heavily wounded.
You feel sick. The scorpion barely misses you.
You hit the scorpion.
The scorpion is severely wounded.
The scorpion stings you.
* * * LOW HITPOINT WARNING * * *
The scorpion stings you.
* * * LOW HITPOINT WARNING * * *
You catch the helpless scorpion completely off-guard!
You impale the scorpion!!
You kill the scorpion!
You feel sick.
Training target 3.0 for Fighting reached!
Training target 5.0 for Spellcasting reached!
Your Fighting skill increases to level 3!
Your Short Blades skill increases to level 4!
Your Stealth skill gained 2 levels and is now at level 8!
Your Spellcasting skill increases to level 5!
You have reached level 4!
Unknown command.
You barely miss the scorpion. The scorpion misses you. The scorpion stings you.
You die...

## 3# ##
.## # #.#
#+# l#
#.s##.##$#
#@.<.+#
#.s##.##.#
#.# #+# l#
## $#. #
.B B. ##.
.## ## ##


You could see 2 scorpions.

Vanquished Creatures
  2 scorpions (D)
2 creatures vanquished.

Notes
Turn   | Place    | Note
-------+----------+-------------------------------------------
     0 | D        | Groucho the Spriggan Enchanter began the quest for the Orb.
     0 | D        | Reached XP level 1. HP: 9/9 MP: 5/5
     3 | D        | Noticed a neqoxec
     6 | D        | Noticed a wyvern
     6 | D        | Noticed a wyvern
     9 | D        | Noticed a boulder beetle
     9 | D        | Noticed a boulder beetle
    12 | D        | Noticed a scorpion
    12 | D        | Noticed a scorpion
    12 | D        | Noticed a scorpion
    12 | D        | Noticed a scorpion
    24 | D        | Killed a scorpion
    25 | D        | Reached skill level 5 in Dodging
    25 | D        | Reached skill level 6 in Stealth
    25 | D        | Reached skill level 5 in Hexes
    25 | D        | Reached XP level 2. HP: 10/15 MP: 5/8
    25 | D        | Reached XP level 3. HP: 13/18 MP: 6/10
    27 | D        | Killed a scorpion
    28 | D        | Reached skill level 8 in Stealth
    28 | D        | Reached skill level 5 in Spellcasting
    28 | D        | Reached XP level 4. HP: 5/24 MP: 7/12
    28 | D        | Slain by a scorpion

Illustrated notes

Levels and vault maps discovered:
D:        the_violet_keep_of_menkaure [sprint2_stairs_cluster_1,
          sprint2_shoproom, sprint2_temple, sprint2_basic_supplies,
          sprint2_obstacle_3, sprint2_obstacle_6, sprint2_obstacle_4,
          sprint2_obstacle_2, sprint2_obstacle_1, sprint2_timed_cluster_1,
          sprint2_smallroom_cluster_1, sprint2_smallroom_final_cluster_1,
          sprint2_transparent_cluster_1, sprint2_second_timed_cluster_1,
          sprint2_sniper_area_1, sprint2_heavy_combat_area_1,
          sprint2_mutation_trap_area_1, sprint2_forest_area_1,
          sprint2_light_combat_area_1, sprint2_behind_water_1,
          sprint2_near_end_vault_1]

Skill      XL: |  1  2  3 |
---------------+----------+-----
Fighting       | 2 3 |  3.0
Short Blades   | 3 4 |  4.6
Dodging        | 5 |  5.0
Stealth        | 6 8 |  8.5
Spellcasting   | 4 5 |  5.0
Hexes          | 5 |  5.0

Action                     |  1- 3 |  4- 6 || total
---------------------------+-------+-------++-------
  Melee: Dagger            |    13 |     1 ||    14
    Use: Potion            |     3 |       ||     3
   Stab: Invisible         |     1 |       ||     1
 Armour: Robe              |     1 |       ||     1
  Dodge: Dodged            |    11 |     1 ||    12
